Map: Orbital Shipyard

Players

ShoWTimE

  • Race: Protoss Protoss
  • League: Master

uThermal - Winner!

  • Race: Terran Terran
  • League: Grandmaster

Event: DreamHack ZOWIE Open Leipzig

VOD

https://youtu.be/uvw8rfOL39M

Description

Time

  • Played on: Jan. 23, 2016, 11:15 a.m.
  • Length: 12:58

All games in this series

Show
View Real Time Build Order
Export as new Build Order

ShoWTimE Protoss 

Build Orders: 1 Gate Expand, Oracle Opening 

Get SALT Encoding   

  12  0:00  Probe (Chrono Boost)  
  13  0:11  Probe (Chrono Boost)  
  14  0:18  Pylon  
  14  0:22  Probe (Chrono Boost)  
  15  0:36  Gateway, Probe (Chrono Boost)  
  15  0:41  Assimilator  
  16  0:47  Probe (Chrono Boost)  
  17  0:57  Probe (Chrono Boost)  
  18  1:08  Probe (Chrono Boost)  
  19  1:22  Nexus  
  19  1:31  Cybernetics Core  
  19  1:35  Probe (Chrono Boost)  
  20  1:42  Assimilator  
  20  1:45  Probe (Chrono Boost)  
  21  1:49  Pylon  
  21  1:56  Probe (Chrono Boost)  
  24  2:08  Mothership Core (Chrono Boost)  
  24  2:09  Adept  
  24  2:15  Warp Gate  
  26  2:26  Probe (Chrono Boost)  
  27  2:35  Probe (Chrono Boost)  
  27  2:36  Adept  
  31  2:37  Probe (Chrono Boost)  
  31  2:45  Probe (Chrono Boost)  
  31  2:47  Probe (Chrono Boost)  
  33  2:52  Stargate  
  33  2:56  Probe (Chrono Boost)  
  33  2:58  Probe (Chrono Boost)  
  35  3:03  Adept  
  37  3:06  Probe (Chrono Boost)  
  37  3:08  Probe (Chrono Boost)  
  39  3:13  Pylon  
  39  3:17  Probe (Chrono Boost)  
  39  3:19  Probe (Chrono Boost)  
  41  3:27  Probe (Chrono Boost)  
  41  3:29  Probe (Chrono Boost)  
  41  3:33  Adept  
  45  3:36  Probe (Chrono Boost)  
  45  3:38  Oracle (Chrono Boost)  
  45  3:39  Pylon  
  45  3:40  Probe  
  50  3:41  Pylon  
  50  3:47  Probe  
  51  3:52  Probe  
  52  3:58  Probe, Nexus  
  53  4:05  Probe  
  53  4:08  Probe  
  36  4:10  Phoenix (Chrono Boost)  
  56  4:17  Probe  
  58  4:19  Probe  
  59  4:27  Twilight Council  
  59  4:29  Probe  
  59  4:30  Probe  
  62  4:31  Phoenix (Chrono Boost)  
  62  4:33  Forge  
  62  4:36  Assimilator  
  62  4:37  Assimilator  
  63  4:42  Probe x2  
  65  4:52  Gateway  
  65  4:55  Protoss Ground Weapons Level 1  
  65  4:56  Gateway  
  65  4:57  Probe x2  
  65  4:59  Gateway  
  69  5:07  Probe  
  70  5:15  Probe  
  70  5:16  Probe  
  70  5:17  Blink (Chrono Boost)  
  70  5:20  Probe  
  71  5:21  Pylon  
  71  5:24  Stalker  
  71  5:27  Probe x2  
  74  5:31  Pylon  
  74  5:33  Probe  
  74  5:35  Pylon  
  76  5:37  Probe  
  76  5:39  Probe  
  78  5:45  Probe  
  78  5:47  Gateway  
  78  5:48  Gateway, Probe  
  80  5:51  Probe  
  80  5:55  Stalker x3  
  87  6:00  Gateway  
  87  6:03  Gateway  
  87  6:07  Pylon  
  87  6:10  Probe  
  87  6:11  Pylon, Robotics Facility  
  88  6:14  Probe  
  88  6:15  Assimilator  
  88  6:16  Probe  
  90  6:20  Assimilator  
  90  6:22  Probe  
  90  6:23  Stalker x2  
  92  6:26  Probe  
  92  6:27  Stalker, Probe  
  92  6:29  Stalker  
  98  6:36  Probe  
  98  6:37  Probe  
  100  6:45  Probe  
  100  6:49  Protoss Ground Weapons Level 2 (Chrono Boost)  
  100  6:53  Pylon  
  100  6:58  Warp Prism (Chrono Boost)  
  102  7:03  Stalker x4  
  102  7:04  Stalker x3  
  116  7:09  Pylon  
  116  7:12  Photon Cannon x2  
  116  7:13  Resonating Glaives  
  116  7:23  Templar Archives  
  116  7:36  Stalker x6  
  128  7:37  Stalker  
  128  7:38  Stalker  
  132  7:44  Pylon  
  132  7:51  Nexus, Psionic Storm  
  132  7:57  Pylon  
  132  8:00  Pylon  
  132  8:04  High Templar  
  134  8:15  Pylon  
  134  8:21  Adept  
  134  8:22  Adept  
  136  8:29  Immortal  
  126  8:48  High Templar x2  
  126  8:49  Stalker x2, Adept x2, High Templar  
  126  8:50  Adept  
  142  8:56  Gateway  
  142  8:58  Gateway  
  142  9:00  Pylon  
  140  9:03  Pylon, Photon Cannon  
  140  9:06  Protoss Ground Armor Level 1 (Chrono Boost)  
  140  9:11  High Templar  
  140  9:12  High Templar  
  140  9:13  Observer  
  145  9:17  Probe x2  
  145  9:19  Assimilator  
  145  9:21  Assimilator  
  145  9:23  Photon Cannon  
  147  9:29  Fleet Beacon  
  147  9:30  Photon Cannon  
  147  9:31  Adept x2, Photon Cannon  
  151  9:39  Adept x4  
  151  9:43  Immortal  
  157  9:46  Adept x2  
  163  9:55  Adept  
  163  9:56  Adept  
  163  9:58  Pylon  
  167  10:05  Stalker x2, Adept  
  167  10:06  Adept x2  
  169  10:16  Adept x2  
  169  10:17  Immortal, Adept x2  
  177  10:24  Tempest, Pylon  
  185  10:30  Adept x3  
  191  10:42  Adept x4  
  197  10:58  High Templar  
  195  11:09  Forge  
  195  11:10  Pylon  
  194  11:11  Pylon  
  192  11:28  Pylon  
  192  11:29  Pylon  
  192  11:31  Pylon  
  192  11:38  Stargate  
  192  11:43  Pylon  
  192  11:44  Nexus, Warp Prism  
  194  12:00  Tempest  
  198  12:01  High Templar  
  200  12:11  Pylon  
  132  12:24  Adept x2  
  132  12:25  Adept x7  
  138  12:46  Adept  
  138  12:47  Adept x6  
Show
View Real Time Build Order
Export as new Build Order

uThermal Terran - Winner!

Build Orders: Reaper Expand, Bio Tank 

Get SALT Encoding   

  12  0:01  SCV  
  13  0:13  SCV  
  14  0:17  Supply Depot  
  14  0:25  SCV  
  15  0:39  SCV  
  15  0:41  Barracks  
  16  0:44  Refinery  
  16  0:51  SCV  
  17  1:03  SCV  
  18  1:15  SCV  
  19  1:27  Orbital Command  
  19  1:28  Reaper  
  20  1:41  Command Center  
  20  1:51  Supply Depot  
  20  1:53  SCV  
  21  2:01  Barracks Reactor  
  21  2:05  SCV  
  22  2:17  SCV  
  23  2:23  Factory  
  23  2:27  Refinery  
  23  2:29  SCV  
  24  2:37  Marine  
  24  2:38  Marine  
  24  2:41  SCV  
  26  2:54  SCV, Orbital Command  
  26  2:55  Marine x2  
  29  3:06  SCV  
  29  3:08  Factory Tech Lab, Starport  
  30  3:13  Marine  
  30  3:14  Marine  
  30  3:18  SCV  
  33  3:20  SCV  
  34  3:30  SCV  
  34  3:31  Cyclone  
  34  3:32  Marine x2  
  34  3:33  Engineering Bay  
  39  3:37  Supply Depot  
  39  3:39  SCV  
  40  3:42  SCV  
  41  3:48  Supply Depot  
  41  3:50  Marine x2  
  41  3:54  SCV  
  45  3:59  Missile Turret  
  45  4:01  Missile Turret  
  44  4:03  Cyclone  
  44  4:05  SCV  
  44  4:06  SCV  
  44  4:09  Liberator  
  49  4:10  Marine x2  
  51  4:17  SCV  
  51  4:18  SCV  
  53  4:29  SCV  
  53  4:30  SCV  
  57  4:41  Command Center  
  57  4:42  SCV, Marine x2  
  60  4:45  Refinery  
  60  4:46  Supply Depot, SCV  
  60  4:58  Supply Depot  
  60  5:02  Barracks  
  60  5:04  Siege Tank  
  61  5:07  Barracks  
  61  5:09  SCV, Marine x2  
  64  5:17  SCV  
  64  5:19  Refinery  
  64  5:20  Supply Depot  
  64  5:21  SCV  
  66  5:28  Marine x2  
  66  5:29  SCV  
  69  5:37  SCV, Siege Tank  
  73  5:46  Starport Reactor  
  73  5:47  SCV, Barracks  
  73  5:49  SCV, Barracks  
  75  5:50  Marine  
  76  5:58  Barracks Tech Lab x2  
  76  5:59  Marine  
  76  6:00  SCV  
  76  6:01  SCV  
  79  6:08  Marine  
  83  6:11  Siege Tank  
  83  6:12  SCV  
  83  6:13  SCV  
  83  6:16  Marine  
  83  6:18  Combat Shields, Stimpack, Marine  
  86  6:23  Orbital Command  
  86  6:25  SCV  
  88  6:28  SCV  
  88  6:29  Marine x2  
  91  6:35  Barracks Reactor  
  91  6:37  Barracks Reactor  
  91  6:38  SCV  
  92  6:40  SCV  
  92  6:43  Siege Tank  
  92  6:44  Bunker  
  92  6:46  Supply Depot, Marine  
  93  6:49  Medivac  
  93  6:50  Medivac  
  93  6:52  Marine  
  98  7:00  SCV, Marine  
  100  7:05  Marine  
  100  7:07  Terran Infantry Weapons Level 1, Supply Depot x2  
  100  7:08  SCV  
  102  7:09  SCV, Supply Depot  
  102  7:11  Marine  
  102  7:15  Supply Depot  
  104  7:16  Siege Tank  
  104  7:19  Marine  
  108  7:25  Supply Depot  
  108  7:27  SCV  
  108  7:28  Supply Depot, Medivac, Marine x2  
  112  7:31  SCV  
  112  7:37  Supply Depot, Marine x2  
  113  7:39  Medivac  
  113  7:40  Marine x2  
  113  7:42  Marine x2  
  121  7:46  Marine x2  
  121  7:50  Supply Depot  
  121  7:51  Siege Tank  
  123  7:55  Marine  
  123  7:56  Missile Turret  
  124  7:58  Medivac  
  124  8:01  Marine  
  124  8:02  Marine x3  
  130  8:08  Supply Depot, Marine  
  130  8:09  Medivac, Marine  
  130  8:10  Refinery  
  130  8:11  Marine  
  134  8:13  Marine  
  134  8:19  Marine  
  136  8:20  Marine  
  136  8:22  Marine x2  
  136  8:26  Marine  
  136  8:27  Siege Tank, Marine  
  137  8:29  Marine  
  137  8:31  Marine  
  132  8:37  Marine x2  
  132  8:40  Marine x2  
  130  8:43  Medivac  
  130  8:44  Medivac, Marine x2  
  130  8:47  Marine  
  132  8:49  Marine  
  132  8:54  SCV x2  
  132  8:55  SCV, Marine x2  
  136  8:58  Marine x2  
  136  8:59  Siege Tank  
  136  9:02  Marine x2  
  142  9:05  Marine  
  142  9:07  Marine  
  145  9:12  Marine  
  145  9:13  Marine  
  145  9:16  Marine x2  
  149  9:20  Marine x2  
  149  9:21  Medivac x2  
  149  9:22  Marine  
  156  9:25  Marine  
  156  9:31  Siege Tank  
  160  9:33  Supply Depot, Marine  
  160  9:34  Marine  
  160  9:35  Supply Depot, Marine  
  160  9:36  Marine  
  160  9:37  Marine  
  161  9:46  Marine  
  161  9:47  Marine  
  161  9:48  Marine  
  161  9:51  Marine x2  
  165  9:53  Marine x2  
  165  9:56  Marine  
  168  10:03  Siege Tank  
  168  10:04  Marine  
  168  10:05  Marine  
  173  10:07  Marine  
  173  10:09  Marine x2  
  173  10:10  Marine  
  173  10:11  Marine  
  168  10:14  Marine  
  168  10:20  Medivac  
  170  10:21  Marine  
  170  10:23  Marine  
  170  10:25  Marine  
  170  10:27  Marine x2  
  171  10:28  Marine  
  171  10:29  Marine  
  171  10:32  Marine  
  171  10:35  Siege Tank  
  177  10:39  Marine  
  177  10:41  Marine  
  177  10:42  Supply Depot  
  179  10:43  Supply Depot, Marine  
  179  10:45  Marine x2  
  179  10:46  Marine  
  179  10:47  Marine  
  184  10:50  Marine  
  185  10:57  Marine  
  185  10:59  Marine  
  185  11:01  Marine  
  185  11:02  Marine, Medivac  
  185  11:03  Marine  
  189  11:04  Marine  
  189  11:05  Marine  
  189  11:08  Marine  
  189  11:10  Siege Tank  
  195  11:15  Marine  
  195  11:16  Marine  
  197  11:18  Marine  
  197  11:20  Marine x2  
  190  12:01  Marine  
  190  12:03  Marine  
  176  12:31  Marine  
  176  12:32  Marine  

Tags
 
Add a new tag
Caveats
  • Supply blocks, unpowered buildings, or Contaminate may cause inaccurate times.
  • Supply counts are checked every 10 seconds.